 Dungeon Crawl Stone Soup version 0.31.0-9-g3a7656b989 (webtiles) character file.

Game seed: 17644061320281194819

21 qw the Shooter (level 2, 0/16 HPs)
             Began as a Deep Elf Hunter on Feb 2, 2024.
             Succumbed to their own poison gas
             ... on level 1 of the Dungeon.
             The game lasted 00:00:02 (503 turns).

qw the Shooter (Deep Elf Hunter)                     Turns: 503, Time: 00:00:03

Health: 0/16       AC:  3    Str:  8    XL:     2   Next: 65%
Magic:  4/4        EV: 12    Int: 13    God:
Gold:   65         SH:  0    Dex: 18    Spells: 1/1 levels left

rFire   . . .        a - +0 shortbow
rCold   . . .        (shield currently unavailable)
rNeg    . . .        c - +0 leather armour
rPois   .            (no helmet)
rElec   .            (no cloak)
rCorr   .            (no gloves)
SInv    .            (no boots)
Will    .....        (no amulet)
Stlth   ++           (no ring)
HPRegen 0.22/turn    (no ring)
MPRegen 0.09/turn

%: no passive effects
@: lethally poisoned (0 -> -2)
A: no striking features
a: no special abilities


You were on level 1 of the Dungeon.
You visited 1 branch of the dungeon, and saw 1 of its levels.

You collected 65 gold pieces.


   Skills:
 - Level 1.5 Fighting
 + Level 6.4 Ranged Weapons
 - Level 2.4 Dodging
 - Level 1.2 Stealth


You had one spell level left.
You didn't know any spells.
Your spell library was empty.

Inventory:

Hand Weapons
 a - a +0 shortbow (weapon)
Armour
 c - a +0 leather armour (worn)
Potions
 d - a potion of brilliance {unknown}
 g - a potion of curing {unknown}

Dungeon Overview and Level Annotations

Branches:
Dungeon (1/15)

Altars:


Message History

As you read the scroll labelled SOYSMI HOSOUSCH, it crumbles to dust.
It was a scroll of poison.
Done exploring.
493 ||| READING scroll labelled LAHEMY KAQOYR.
As you read the scroll labelled LAHEMY KAQOYR, it crumbles to dust.
It is a scroll of enchant armour.
493 ||| ENCHANTING +0 shortbow.
Done exploring.
494 ||| DROPPING scroll of butterflies.
You drop a scroll of butterflies.
Done exploring.
495 ||| DROPPING scroll of poison.
You drop a scroll of poison.
Done exploring.
What level of the Dungeon? (default 1, ? - help) Sorry, I don't know how to get there.
Enter note:
Enter note:
Enter note:
Enter note:
Enter note:
Enter note:
Enter note:
Enter note:
Enter note: You are engulfed in poison gas.
You are poisoned.
You feel very sick.
497 ||| Stepping ~*~*~tactically~*~*~ (cloud).
You feel sick.
Things that are here:
a scroll of poison; a scroll of butterflies
There is a lethal amount of poison in your body!
You feel sick.
There is a lethal amount of poison in your body!
You feel sick.
There is a lethal amount of poison in your body!
You feel sick.
There is a lethal amount of poison in your body!
You feel sick.
There is a lethal amount of poison in your body!
You feel sick.
There is a lethal amount of poison in your body!
You die...

#.........# #.........#
### ##..##.#### #.#
#####.###.# ####.# #(....#
#.# ##.¤..# #.....#
#.########00##.# ##.....#
#.#00¤#¤¤¤0###.# ##......#
#00.¤¤0.¤0¤###.# #.......#
#¤.00¤@.¤..0##.# #.##.#..#
#¤¤0.¤00¤000##.#
..##....###¤¤¤..0¤0¤¤¤##.#
###...#..¤¤#¤000¤.0.¤###.#
.##...####..¤00.0¤00¤# #.#
..#...# #¤#0#######¤# #.#
#.#...# ##.#¤## ##..¤# #.#
......###..#..###..#.# #.#
##......#.##..##..##.# #.#


There were no monsters in sight!

Vanquished Creatures
  A dart slug (D:1)
  A ball python (D:1)
  2 endoplasms (D:1)
  2 goblins (D:1)
  2 hobgoblins (D:1)
  A kobold (D:1)
  A quokka (D:1)
  3 bats (D:1)
  2 frilled lizards (D:1)
  3 rats (D:1)
18 creatures vanquished.

Notes
Turn   | Place    | Note
-------+----------+-------------------------------------------
     0 | D:1      | qw the Deep Elf Hunter began the quest for the Orb.
     0 | D:1      | Reached XP level 1. HP: 12/12 MP: 3/3
     0 | D:1      | 0 ||| qw: Version: 0.3-a-155-g5e7d8dd
     0 | D:1      | 0 ||| qw: Game counter: 1145
     0 | D:1      | 0 ||| qw: Melee chars always use a shield: true
     0 | D:1      | 0 ||| qw: God list: Okawaru
     0 | D:1      | 0 ||| qw: Allow faded altars: false
     0 | D:1      | 0 ||| qw: Do Orc after clearing Dungeon:15 true
     0 | D:1      | 0 ||| qw: Do second Lair branch before Depths: true
     0 | D:1      | 0 ||| qw: Lair rune preference: random
     0 | D:1      | 0 ||| qw: Goals: Normal
     0 | D:1      | 0 ||| PLANNING D:1-11
   166 | D:1      | Reached skill level 6 in Ranged Weapons
   166 | D:1      | Reached XP level 2. HP: 11/16 MP: 4/4
   488 | D:1      | 488 ||| READING scroll labelled CUAKKU ZYZISEG.
   492 | D:1      | 492 ||| READING 2 scrolls labelled SOYSMI HOSOUSCH.
   493 | D:1      | 493 ||| READING scroll labelled LAHEMY KAQOYR.
   493 | D:1      | 493 ||| ENCHANTING +0 shortbow.
   494 | D:1      | 494 ||| DROPPING scroll of butterflies.
   495 | D:1      | 495 ||| DROPPING scroll of poison.
   497 | D:1      | 497 ||| Stepping ~*~*~tactically~*~*~ (cloud).
   498 | D:1      | HP: 4/16 [poisoned by you (poison gas)]
   501 | D:1      | HP: 1/16 [poisoned by you (poison gas)]
   503 | D:1      | Succumbed to their own poison gas

Levels and vault maps discovered:
D:1:      ldierk_walled_garden_2, layout_rooms, kennysheep_doodads,
          minmay_tetromino_s2

Skill      XL: |  1 |
---------------+----+-----
Ranged Weapons | 6 |  6.4
Fighting       | |  1.5
Dodging        | |  2.4
Stealth        | |  1.2

Action                     || total
---------------------------++-------
   Fire: Shortbow          ||    44
    Use: Scroll            ||     3
 Armour: Leather armour    ||     6
  Dodge: Dodged            ||     6

Table legend:
 A = Non-vault XP
 B = Vault XP
 C = Vault XP percentage of total XP
 D = Non-vault monster count
 E = Vault monster count
 F = Vault count percentage of total count
                 A         B        C        D         E       F
            +---------+---------+-------+---------+---------+-------
      Total |      30 |       1 |   3.2 |      17 |       1 |   5.6
            +---------+---------+-------+---------+---------+-------
        D:1 |      30 |       1 |   3.2 |      17 |       1 |   5.6
            +---------+---------+-------+---------+---------+-------
